 Dungeon Crawl Stone Soup version 0.28-a0-1629-gf728b707aa (webtiles) character file.

Game seed: 6966254701294613429

762 testman the Ruffian (level 7, -1/64 HPs)
             Began as a Ghoul Monk on Jan 24, 2022.
             Was an Elder of Nemelex Xobeh.
             Slain by a sky beast (2 damage)
             ... on level 5 of the Dungeon.
             The game lasted 00:12:43 (4985 turns).

testman the Ruffian (Ghoul Monk)                    Turns: 4985, Time: 00:12:44

Health: -1/64      AC:  2    Str: 17    XL:     7   Next: 81%
Magic:  6/6        EV: 12    Int:  5    God:    Nemelex Xobeh [****..]
Gold:   231        SH:  0    Dex: 11    Spells: 4/6 levels left

rFire   + . .      SeeInvis .     - Unarmed
rCold   + . .      Faith    .   (no shield)
rNeg    + + +      Spirit   .   a - +0 robe
rPois   ∞          Reflect  .   (no helmet)
rElec   .          Harm     .   r - scarf {repulsion}
rCorr   .          Rampage  .   (no gloves)
Will    .....                   (no boots)
Stlth   ++........              h - amulet of the acrobat
HPRegen 0.00/turn               l - ring of protection from fire
MPRegen 0.10/turn               o - ring of flight

@: flying, inhibited regen, repel missiles
A: claws 1, cold resistance 1, negative energy resistance 3, inhibited
regeneration, torment resistance 2
a: Renounce Religion, Draw Escape, Draw Destruction, Draw Summoning, Triple
Draw, Deal Four


You were on level 5 of the Dungeon.
You worshipped Nemelex Xobeh.
Nemelex Xobeh was greatly pleased with you.
You visited 1 branch of the dungeon, and saw 5 of its levels.

You collected 231 gold pieces.

Inventory:

Missiles
 d - 11 poisoned darts (quivered)
 e - 95 stones
Armour
 a - a +0 robe (worn)
 r - a scarf of repulsion (worn)
Jewellery
 h - an amulet of the acrobat (around neck)
 i - a ring of ice
 l - a ring of protection from fire (left claw)
 o - a ring of flight (right claw)
 t - a ring of magical power
Scrolls
 c - a scroll of fear {unknown}
 f - 3 scrolls of enchant weapon
 g - a scroll of holy word
 m - a scroll of amnesia {unknown}
 n - a scroll of fog {unknown}
 q - a scroll of vulnerability {unknown}
 w - a scroll of identify {unknown}
 y - a scroll of immolation {unknown}
Potions
 b - 3 potions of curing {unknown}
 j - a potion of brilliance {unknown}
 k - 2 potions of magic {unknown}
 p - 2 potions of degeneration {unknown}
 s - a potion of ambrosia {unknown}
 u - a potion of heal wounds {unknown}
 v - a potion of might {unknown}
 x - a potion of attraction {unknown}


   Skills:
 + Level 6.3 Fighting
 - Level 2.6 Dodging
 - Level 2.1 Stealth
 + Level 6.4 Unarmed Combat
 + Level 3.9 Translocations


You had 4 spell levels left.
You knew the following spells:

 Your Spells              Type           Power      Damage    Failure   Level
a - Blink                 Tloc           6%         N/A       16%         2

Your spell library contained the following spells:

 Spells                   Type           Power      Damage    Failure   Level
 Lesser Beckoning         Tloc           3%         N/A       32%         3
 Sting                    Tmut/Pois      0%         1d3       47%         1
 Poisonous Vapours        Pois/Air       0%         N/A       63%         2
 Olgreb's Toxic Radiance  Pois           0%         N/A       99%         4
 Manifold Assault         Tloc           3%         N/A       96%         5


Dungeon Overview and Level Annotations

Branches:
Dungeon (5/15)
 Temple: D:4-7

Altars:
Dithmenos
Nemelex Xobeh

Shops:
D:4 =


Innate Abilities, Weirdness & Mutations

You thrive by killing the living.
You are immune to poison.
You have sharp fingernails.
Your flesh is cold resistant. (rC+)
You are immune to negative energy. (rN+++)
You do not regenerate when monsters are visible.
You are immune to unholy pain and torment.


Message History

The sky beast is moderately wounded.
The sky beast closely misses you.
You scratch the sky beast but do no damage.
The sky beast is moderately wounded.
The sky beast flickers out of sight!
Deactivating autopickup; reactivate with Ctrl-A.
Something hits you. Something shocks you.
You closely miss something. Something hits you. Something shocks you.
No target in view!
No target in view!
No target in view!
You closely miss something. Something hits you. Something shocks you.
You closely miss something. Something barely misses you.
You miss something. Something hits you. Something shocks you.
You scratch something but do no damage. Something hits you.
Something shocks you.
You miss something. You closely miss something. Something hits you.
* * * LOW HITPOINT WARNING * * *
Something shocks you.
* * * LOW HITPOINT WARNING * * *
Okay, then.
Found an escape hatch in the ceiling.
An iguana comes into view.
You draw a card...
You have drawn Wild Magic.
The air has a black tinge for a moment!
Dim flames ripple over the centaur zombie's body!!
The dart slug is covered in a thin layer of ice.
You feel a surge of magic. Something hits you.
* * * LOW HITPOINT WARNING * * *
Something shocks you.
* * * LOW HITPOINT WARNING * * *
You draw a card...
You have drawn the Tomb.
Walls emerge from the floor!
Something hits you.
* * * LOW HITPOINT WARNING * * *
Something shocks you.
* * * LOW HITPOINT WARNING * * *
You fail to use your ability.
Something hits you.
You die...
Your body disappears without a glow.

#....# #....# #....#
#..†.#
#....###########
#....#.#.#.#.#.#.#.#
#...................
#....#####.#.#.#.#.
##....#@.Zw.........
#...#####.#.#.#.#.#
#...............
#...#.#.#.#.#.#.#
#...........#####
#...........#
#...........#
#.........l<#


You could see a dart slug and a centaur zombie.

Vanquished Creatures
  An ogre (D:4)
  2 necrophages (D:4)
  2 phantoms
  A bullfrog (D:4)
  A scorpion (D:3)
  A hound (D:3)
  An orc wizard (D:2)
  An iguana (D:5)
  3 gnolls (D:3)
  3 adders
  An adder skeleton (D:4)
  A worm (D:3)
  6 dart slugs
  2 orcs (D:2)
  5 ball pythons
  10 endoplasms
  3 giant cockroaches
  9 goblins
  6 hobgoblins
  5 quokkas
  9 bats
  2 frilled lizards (D:2)
  12 kobolds
  A quokka skeleton (D:4)
  2 rats
90 creatures vanquished.

Vanquished Creatures (others)
  4 fungi (D:2)
  4 plants
8 creatures vanquished.

Grand Total: 98 creatures vanquished

Notes
Turn   | Place    | Note
-------+----------+-------------------------------------------
     0 | D:1      | testman the Ghoul Monk began the quest for the Orb.
     0 | D:1      | Reached XP level 1. HP: 19/19 MP: 0/0
    72 | D:1      | Reached XP level 2. HP: 9/26 MP: 1/1
   523 | D:1      | Reached XP level 3. HP: 33/33 MP: 2/2
   526 | D:1      | Learned a level 2 spell: Blink
  1185 | D:2      | Found a faded altar of an unknown god.
  1212 | D:2      | Prayed at the altar of an unknown god.
  1212 | D:2      | Became a worshipper of Nemelex Xobeh the Trickster
  1212 | D:2      | Reached * piety under Nemelex Xobeh
  1212 | D:2      | Received a gift from Nemelex Xobeh
  1212 | D:2      | Received a gift from Nemelex Xobeh
  1212 | D:2      | Reached ** piety under Nemelex Xobeh
  1271 | D:2      | Received a gift from Nemelex Xobeh
  1341 | D:2      | Reached *** piety under Nemelex Xobeh
  1624 | D:2      | Reached XP level 4. HP: 38/40 MP: 3/3
  1954 | D:2      | Reached skill level 1 in Translocations
  2037 | D:3      | Reached XP level 5. HP: 32/47 MP: 4/4
  2424 | D:3      | Reached skill level 5 in Unarmed Combat
  2431 | D:3      | Reached skill level 5 in Fighting
  2772 | D:3      | Found a shadowy altar of Dithmenos.
  2804 | D:3      | Reached XP level 6. HP: 56/56 MP: 5/5
  3468 | D:4      | Noticed a necrophage
  3471 | D:4      | Killed a necrophage
  3611 | D:4      | Found Cusk's Jewellery Emporium.
  3670 | D:4      | Received a gift from Nemelex Xobeh
  3741 | D:4      | Reached XP level 7. HP: 35/62 MP: 6/6
  3924 | D:4      | Reached **** piety under Nemelex Xobeh
  4641 | D:4      | Received a gift from Nemelex Xobeh
  4811 | D:5      | Entered Level 5 of the Dungeon
  4984 | D:5      | HP: 1/64 [something (4)]
  4985 | D:5      | Slain by a sky beast

Illustrated notes

Levels and vault maps discovered:
D:1:      shiori_arrival_maze, layout_rooms
D:2:      layout_loops_ring, dreamdust_ecumenical_altar_grove
D:3:      layout_loops_ring, nicolae_dithmenos_the_darkroom,
          kennysheep_pointless_box, minmay_misc_feat_cross, feat_on_display
D:4:      layout_gridville, minmay_shop_enchanted_jewellery
D:5:      layout_basic, minmay_temple_entry_overgrown, st_stairs_12,
          minmay_hedge_maze, nicolae_shop_clearance

Skill      XL: |  1  2  3  4  5  6  7 |
---------------+----------------------+-----
Fighting       | 4 5 6 |  6.3
Unarmed Combat | 4 5 6 |  6.4
Translocations | 1 2 3 |  3.9
Dodging        | |  2.6
Stealth        | |  2.1

Action                   |  1- 3 |  4- 6 |  7- 9 || total
-------------------------+-------+-------+-------++-------
Melee: Unarmed           |   127 |   147 |    45 ||   319
       Punch             |     2 |     1 |     2 ||     5
Invok: Draw Destruction  |       |     2 |     2 ||     4
       Draw Escape       |       |       |     1 ||     1
  Use: Scroll            |       |     1 |     1 ||     2
 Stab: Sleeping          |     7 |     4 |     1 ||    12
Armor: Robe              |    24 |     9 |     4 ||    37
Dodge: Dodged            |    79 |    92 |    15 ||   186

Table legend: (Time is in decaauts)
 A = Elapsed time spent in this place.
 B = Non-inter-level travel time spent in this place.
 C = Inter-level travel time spent in this place.
 D = Time resting spent in this place.
 E = Time spent auto-exploring this place.
 F = Levels seen in this place.
 G = Mean time per level.
                   A        B        C        D        E       F      G
               +--------+--------+--------+--------+--------+-----+--------+
         Total |   4955 |   4853 |    102 |   1578 |   2505 |   5 |  991.0 |
       Dungeon |   4955 |   4853 |    102 |   1578 |   2505 |   5 |  991.0 |
               +--------+--------+--------+--------+--------+-----+--------+

Top non-repeatable levels by time:
     D:4: 1519 daAuts
     D:3: 1315 daAuts
     D:1: 987 daAuts
     D:2: 961 daAuts
     D:5: 171 daAuts
